 Dungeon Crawl Stone Soup version 0.21.1-1-g345015f (webtiles) character file.

39 letownia2 the Conjurer (level 3, -11/19 HPs)
             Began as a Tengu Fire Elementalist on Mar 4, 2018.
             Killed from afar by a wretched star (30 damage)
             ... with an orb of energy
             ... on level 1 of the Abyss.
             The game lasted 00:03:49 (654 turns).

letownia2 the Conjurer (Tengu Fire Elementalist)     Turns: 654, Time: 00:03:50

Health: -11/19     AC:  5    Str:  8    XL:     3   Next: 45%
Magic:  7/7        EV: 12    Int: 16    God:
Gold:   142        SH:  0    Dex: 14    Spells: 2/6 levels left

rFire    . . .     SeeInvis .   (no weapon)
rCold    . . .     Gourm    .   (no shield)
rNeg     . . .     Faith    .   j - +2 leather armour {MR+}
rPois    .         Spirit   .   (helmet restricted)
rElec    .         Reflect  .   (no cloak)
rCorr    .         Harm     .   (no gloves)
MR       +....                  (boots unavailable)
Stlth    ++........             (no amulet)
HPRegen  0.06/turn              e - ring of wizardry
MPRegen  0.10/turn              (no ring)

@: no status effects
A: beak, talons 3
a: no special abilities


You were on level 1 of the Abyss.
You were not hungry.

You visited 1 branch of the dungeon, and saw 4 of its levels.
You visited the Abyss 1 time.

You collected 142 gold pieces.

Inventory:

Hand Weapons
 d - a +1 dagger of distortion
 g - a +0 hunting sling
 o - the +7 longbow "Byfiroeg" {velocity, Str+2, unknown}
   (You found it on level 1 of the Abyss)

   Any arrow fired from it inflicts extra damage.
   It affects your strength (+2).
Missiles
 i - 23 poisoned needles
Armour
 a - a +0 robe
 h - a +0 leather armour
 j - a +2 leather armour of magic resistance (worn)
 k - a cursed +0 plate armour
Jewellery
 e - a ring of wizardry (left hand)
Potions
 f - a potion of agility
Books
 b - a book of Flames

   Spells                             Type                      Level
   a - Flame Tongue                   Conjuration/Fire             1
   b - Throw Flame                    Conjuration/Fire             2
   c - Conjure Flame                  Conjuration/Fire             3
   d - Inner Flame                    Hexes/Fire                   3
   e - Sticky Flame                   Conjuration/Fire             4
   f - Fireball                       Conjuration/Fire             5
Comestibles
 c - 3 rations
 l - 2 chunks of flesh


   Skills:
 - Level 2.1 Dodging
 - Level 2.0 Stealth
 - Level 2.0 Spellcasting
 + Level 4.3 Conjurations
 - Level 3.3 Fire Magic


You had 2 spell levels left.
You knew the following spells:

 Your Spells              Type           Power        Failure   Level  Hunger
a - Flame Tongue          Conj/Fire      ##...        2%          1    #......
c - Conjure Flame         Conj/Fire      ##......     8%          3    ###....


Dungeon Overview and Level Annotations

Branches:
Dungeon (4/15)
 Temple: D:4-7

Altars:
Trog
Vehumet

Annotations:
D:2 Natasha


Innate Abilities, Weirdness & Mutations

You have a beak for a mouth.
You have claws for feet.


Message History

Your hearing returns.
Unknown command.
You enter the shallow water.
Moving in this stuff is going to be slow.
A starcursed mass splits.
A starcursed mass splits.
Found a chain mail.
A neqoxec comes into view.
The neqoxec shouts!
As you read the scroll labeled MIYHE HEYF, it crumbles to dust.
It is a scroll of identify.
f - a potion of agility A starcursed mass splits.
The neqoxec gestures.
A wretched star comes into view.
Found a corrupted altar of Lugonu.
The wretched star glows turbulently.
The orb of energy hits you!
Ouch! That really hurt!
You die...

# #.# .. ..###
##.##....# #
##. #... .#
.###..##.... #
....#..#... #.
#....#..###
#._###*###.X..#
#.@....X##.##
#.##.#####..#
#.##.# #. .#
#..[.. ###X##
...#..####...#
.##.##..##.##..
.# #.#.# ..#
...# # #X##X#.#
#... ## ##X5##
.###


You could see 2 starcursed masses and a wretched star.

Vanquished Creatures
  Robin (D:2)
  2 leopard geckos (D:3)
  An orc (D:3)
  6 goblins (D:2)
  6 hobgoblins
  3 kobolds
  A ball python (D:1)
  2 frilled lizards
  A rat (D:2)
23 creatures vanquished.

Notes
Turn   | Place    | Note
-------+----------+-------------------------------------------
     0 | D:1      | letownia2 the Tengu Fire Elementalist began the quest for the Orb.
     0 | D:1      | Reached XP level 1. HP: 10/10 MP: 4/4
    88 | D:2      | Noticed Natasha
   103 | D:2      | Reached skill level 2 in Conjurations
   119 | D:2      | Found a faded altar of an unknown god.
   146 | D:2      | Reached XP level 2. HP: 14/15 MP: 3/6
   170 | D:2      | Noticed Robin
   182 | D:2      | Reached skill level 3 in Conjurations
   190 | D:2      | Killed Robin
   200 | D:2      | Reached XP level 3. HP: 8/19 MP: 0/7
   268 | D:2      | Reached skill level 4 in Conjurations
   273 | D:2      | Learned a level 3 spell: Conjure Flame
   516 | D:4      | Found a bloodstained altar of Trog.
   516 | D:4      | Found a radiant altar of Vehumet.
   555 | D:3      | Cast into level 1 of the Abyss (a distortion unwield)
   563 | Abyss:1  | Got an encrusted longbow
   632 | Abyss:1  | Noticed a starcursed mass
   639 | Abyss:1  | Noticed a neqoxec
   646 | Abyss:1  | Noticed a wretched star
   649 | Abyss:1  | Found a corrupted altar of Lugonu.
   654 | Abyss:1  | Killed from afar by a wretched star

Skill      XL: |  1  2  3 |
---------------+----------+-----
Conjurations   | 2 3 4 |  4.3
Dodging        | |  2.1
Stealth        | |  2.0
Spellcasting   | |  2.0
Fire Magic     | |  3.3

Action                   || total
-------------------------++-------
Melee: Dagger            ||    11
       Kick              ||     4
       Peck              ||     1
 Cast: Flame Tongue      ||    35
  Use: Scroll            ||     4
 Stab: Sleeping          ||     1
Armor: Robe              ||     1
       Leather armour    ||     1
Dodge: Dodged            ||    13
